General information
- name: BNet
- type: Ladder team game (AT/RT)
- host: Battle.net
- saver: MoneyShot
map: DragonFalls
- players: 8
- length: 38:24
- speed: Fast
- version: 1.27 W3XP
- replay type: Public
» download(238 KB)
Players
team 1 (winner)

»
GrimmReaper (
teal | 58 APM | 2158 actions | 37:29)
9 Mountain King
3 Storm Bolt
3 Bash
1 Avatar
2 Thunder Clap
1 Blood Mage
1 Flame Strike
» actions
| Assign group hotkey | 15 | |
| Basic commands | 32 | |
| Build / train | 136 | |
| Enter build submenu | 21 | |
| Enter hero's abilities submenu | 10 | |
| Give item / drop item | 2 | |
| Remove unit from queue | 14 | |
| Right click | 1136 | |
| Select / deselect | 558 | |
| Select group hotkey | 119 | |
| Use ability | 114 | |
2158 total
» units
| Peasant | 16 | |
| Rifleman | 16 | |
| Mortar Team | 7 | |
| Flying Machine | 23 | |
| Dragonhawk Rider | 2 | |
64 total
» upgrades
| Lumber Harvesting | 2 | |
| Gunpowder | 2 | |
| Long Rifles | 1 | |
| Flak Cannons | 1 | |
| Armor | 2 | |
| Barrage | 1 | |
| Fragmentation Shards | 1 | |
| Flare | 2 | |
| Flying Machine Bombs | 1 | |
| Cloud | 1 | |
14 total
» buildings
| Farm | 13 | |
| Altar of Kings | 1 | |
| Blacksmith | 1 | |
| Barracks | 1 | |
| Lumber Mill | 1 | |
| Scout Tower | 11 | |
| Arcane Tower | 4 | |
| Keep | 4 | |
| Town Hall | 1 | |
| Guard Tower | 4 | |
| Arcane Vault | 1 | |
| Castle | 4 | |
| Workshop | 2 | |
| Gryphon Aviary | 3 | |
51 total
» build order
00:39 Farm
00:57 Altar of Kings
01:07 Blacksmith
01:16 Barracks
01:28 Lumber Mill
01:36 Farm
01:52 Farm
02:11 Scout Tower
02:13 Farm
02:45 Arcane Tower
02:46 Arcane Tower
02:55 Farm
03:38 Farm
04:27 Keep
04:27 Keep
04:27 Keep
04:48 Scout Tower
04:49 Scout Tower
04:50 Scout Tower
04:51 Scout Tower
04:53 Farm
05:24 Town Hall
05:26 Scout Tower
05:27 Scout Tower
05:30 Scout Tower
05:33 Scout Tower
06:03 Guard Tower
06:09 Scout Tower
06:11 Scout Tower
06:36 Guard Tower
07:21 Guard Tower
07:57 Arcane Tower
07:58 Guard Tower
08:13 Arcane Vault
08:37 Castle
08:37 Castle
08:37 Castle
09:57 Workshop
09:58 Workshop
10:52 Farm
10:52 Farm
10:52 Farm
16:59 Farm
16:59 Farm
16:59 Farm
22:33 Gryphon Aviary
22:34 Gryphon Aviary
22:34 Gryphon Aviary
» items
| Scroll of Healing | 1 | |
| Potion of Healing | 5 | |
| Scroll of Regeneration | 2 | |
| Lesser Clarity Potion | 2 | |
| Orb of Fire | 1 | |
| Scroll of Town Portal | 3 | |
14 total
SadioMane (
blue | 137 APM | 1880 actions | 13:44)
3 Dreadlord
2 Sleep
1 Vampiric Aura
1 Death Knight
1 Death Coil
1 Lich
1 Frost Nova
» actions
| Assign group hotkey | 530 | |
| Basic commands | 41 | |
| Build / train | 85 | |
| ESC pressed | 7 | |
| Enter build submenu | 19 | |
| Enter hero's abilities submenu | 5 | |
| Give item / drop item | 2 | |
| Remove unit from queue | 2 | |
| Right click | 740 | |
| Select / deselect | 229 | |
| Select group hotkey | 134 | |
| Use ability | 86 | |
1880 total
» units
| Acolyte | 10 | |
| Ghoul | 18 | |
| Crypt Fiend | 3 | |
31 total
» upgrades
| Cannibalize | 1 | |
| Unholy Armor | 3 | |
| Unholy Strength | 1 | |
| Ghoul Frenzy | 1 | |
| Web | 1 | |
7 total
» buildings
| Ziggurat | 9 | |
| Crypt | 3 | |
| Altar of Darkness | 1 | |
| Tomb of Relics | 1 | |
| Graveyard | 1 | |
| Halls of the Dead | 3 | |
| Nerubian Tower | 2 | |
| Black Citadel | 5 | |
| Spirit Tower | 6 | |
31 total
» build order
00:36 Ziggurat
00:39 Crypt
00:41 Altar of Darkness
01:02 Ziggurat
01:26 Tomb of Relics
04:00 Graveyard
04:51 Halls of the Dead
04:51 Halls of the Dead
05:25 Ziggurat
05:26 Ziggurat
05:30 Ziggurat
05:47 Crypt
05:51 Crypt
05:53 Ziggurat
06:22 Nerubian Tower
06:26 Ziggurat
06:30 Ziggurat
06:37 Ziggurat
07:27 Black Citadel
07:27 Black Citadel
07:28 Black Citadel
07:57 Spirit Tower
08:35 Spirit Tower
08:35 Spirit Tower
12:43 Spirit Tower
» items
| Rod of Necromancy | 3 | |
| Scroll of Regeneration | 2 | |
| Boots of Speed | 4 | |
| Scroll of Town Portal | 2 | |
| Scroll of Healing | 1 | |
| Potion of Lesser Invulnerability | 1 | |
| Orb of Corruption | 1 | |
| Circlet of Nobility | 2 | |
16 total
MoneyShot (
purple | 50 APM | 1932 actions | 38:24)
6 Blademaster
3 Wind Walk
2 Critical Strike
1 Bladestorm
» actions
| Assign group hotkey | 68 | |
| Basic commands | 227 | |
| Build / train | 69 | |
| Enter build submenu | 47 | |
| Enter hero's abilities submenu | 6 | |
| Give item / drop item | 7 | |
| Remove unit from queue | 2 | |
| Right click | 739 | |
| Select / deselect | 409 | |
| Select group hotkey | 222 | |
| Use ability | 135 | |
1932 total
» units
| Peon | 8 | |
| Grunt | 4 | |
| Goblin Shredder | 6 | |
| Goblin Zeppelin | 5 | |
| Green Dragon | 3 | |
| Wind Rider | 1 | |
| Goblin Sapper | 8 | |
35 total
» upgrades
| Reinforced Defenses | 1 | |
| Troll Regeneration | 1 | |
| Ranged Weapons | 3 | |
| Armor | 3 | |
| Envenomed Spears | 1 | |
9 total
» buildings
| Orc Burrow | 9 | |
| Altar of Storms | 1 | |
| Barracks | 1 | |
| Voodoo Lounge | 3 | |
| War Mill | 3 | |
| Stronghold | 1 | |
| Great Hall | 2 | |
| Watch Tower | 40 | |
| Fortress | 1 | |
| Beastiary | 4 | |
65 total
» build order
00:10 Orc Burrow
00:56 Altar of Storms
00:57 Barracks
01:10 Orc Burrow
01:53 Voodoo Lounge
02:21 War Mill
03:54 Stronghold
04:32 Great Hall
05:13 Orc Burrow
05:22 Watch Tower
06:40 Fortress
07:21 Watch Tower
07:21 Watch Tower
07:21 Watch Tower
07:29 Watch Tower
08:10 Orc Burrow
08:30 Watch Tower
08:30 Watch Tower
08:32 Watch Tower
08:32 Watch Tower
11:13 Beastiary
11:14 Beastiary
11:14 Beastiary
11:18 Beastiary
11:19 Watch Tower
11:19 Watch Tower
11:20 Watch Tower
11:20 Watch Tower
11:21 Watch Tower
11:21 Watch Tower
11:22 Watch Tower
11:23 Watch Tower
11:23 Watch Tower
12:02 War Mill
16:20 Great Hall
16:33 Watch Tower
16:33 Watch Tower
16:34 Watch Tower
16:34 Watch Tower
16:37 Watch Tower
16:37 Watch Tower
16:38 Watch Tower
16:39 Watch Tower
16:39 Watch Tower
16:40 Watch Tower
16:40 Watch Tower
16:41 Watch Tower
17:02 Voodoo Lounge
18:27 War Mill
18:54 Watch Tower
19:09 Voodoo Lounge
19:11 Orc Burrow
19:14 Orc Burrow
19:19 Orc Burrow
19:24 Orc Burrow
19:28 Orc Burrow
24:06 Watch Tower
24:07 Watch Tower
24:08 Watch Tower
24:10 Watch Tower
24:10 Watch Tower
24:10 Watch Tower
24:12 Watch Tower
24:12 Watch Tower
24:12 Watch Tower
» items
| Healing Salve | 5 | |
| Potion of Healing | 2 | |
| Potion of Mana | 1 | |
| Lesser Clarity Potion | 2 | |
| Orb of Lightning | 1 | |
| Staff of Teleportation | 1 | |
| Periapt of Vitality | 1 | |
| Potion of Lesser Invulnerability | 1 | |
14 total

»
KamaCrazyWarBoy (
red | 82 APM | 2604 actions | 31:36)
6 Paladin
3 Holy Light
1 Devotion Aura
1 Divine Shield
1 Resurrection
2 Mountain King
1 Storm Bolt
1 Bash
1 Archmage
1 Brilliance Aura
1 Dreadlord
1 Vampiric Aura
» actions
| Assign group hotkey | 7 | |
| Build / train | 76 | |
| Enter build submenu | 30 | |
| Enter hero's abilities submenu | 10 | |
| Remove unit from queue | 5 | |
| Right click | 1946 | |
| Select / deselect | 420 | |
| Select group hotkey | 18 | |
| Use ability | 92 | |
2604 total
» units
| Peasant | 9 | |
| Footman | 8 | |
| Priest | 9 | |
| Knight | 7 | |
| Crypt Fiend | 11 | |
44 total
» upgrades
| Defend | 1 | |
| Masonry | 2 | |
| Swords | 2 | |
| Plating | 2 | |
| Lumber Harvesting | 2 | |
| Priest Training | 2 | |
| Animal War Training | 1 | |
12 total
» buildings
| Altar of Kings | 1 | |
| Farm | 10 | |
| Barracks | 2 | |
| Arcane Vault | 1 | |
| Lumber Mill | 1 | |
| Blacksmith | 1 | |
| Keep | 1 | |
| Town Hall | 5 | |
| Arcane Sanctum | 2 | |
| Castle | 1 | |
| Scout Tower | 3 | |
| Guard Tower | -1 | |
| Altar of Darkness | 1 | |
28 total
» build order
00:06 Altar of Kings
00:10 Farm
00:49 Barracks
01:39 Arcane Vault
01:54 Farm
02:31 Farm
02:45 Lumber Mill
02:58 Barracks
03:15 Farm
04:00 Farm
04:16 Blacksmith
04:50 Farm
05:51 Keep
06:03 Farm
06:34 Town Hall
08:20 Arcane Sanctum
09:59 Castle
10:03 Arcane Sanctum
11:03 Town Hall
11:12 Scout Tower
11:43 Guard Tower
11:47 Scout Tower
12:21 Scout Tower
14:31 Farm
15:12 Altar of Darkness
19:09 Farm
20:08 Farm
20:18 Town Hall
25:35 Town Hall
27:05 Town Hall
» items
| Scroll of Regeneration | 1 | |
| Scroll of Town Portal | 1 | |
| Potion of Healing | 1 | |
3 total
team 2 (loser)
iiiiiiiiiii (
orange | 68 APM | 1166 actions | 17:04)
4 Mountain King
2 Storm Bolt
2 Bash
2 Paladin
1 Holy Light
1 Divine Shield
1 Blood Mage
1 Banish
» actions
| Assign group hotkey | 20 | |
| Basic commands | 84 | |
| Build / train | 71 | |
| Enter build submenu | 28 | |
| Enter hero's abilities submenu | 7 | |
| Give item / drop item | 6 | |
| Right click | 302 | |
| Select / deselect | 261 | |
| Select group hotkey | 300 | |
| Use ability | 87 | |
1166 total
» units
| Peasant | 11 | |
| Footman | 4 | |
| Goblin Shredder | 3 | |
| Gryphon Rider | 5 | |
| Siege Engine | 2 | |
25 total
» upgrades
| Defend | 1 | |
| Lumber Harvesting | 1 | |
| Swords | 2 | |
| Armor | 2 | |
| Storm Hammers | 1 | |
| Animal War Training | 1 | |
| Gunpowder | 1 | |
| Plating | 1 | |
| Barrage | 1 | |
11 total
» buildings
| Altar of Kings | 1 | |
| Barracks | 1 | |
| Farm | 15 | |
| Lumber Mill | 1 | |
| Scout Tower | 8 | |
| Arcane Tower | 1 | |
| Keep | 1 | |
| Town Hall | 1 | |
| Blacksmith | 1 | |
| Castle | 1 | |
| Arcane Vault | 1 | |
| Gryphon Aviary | 3 | |
| Workshop | 2 | |
| Guard Tower | 2 | |
39 total
» build order
00:20 Altar of Kings
00:36 Barracks
00:41 Farm
00:53 Farm
01:06 Lumber Mill
01:41 Farm
02:07 Scout Tower
02:36 Arcane Tower
03:41 Keep
04:21 Town Hall
05:56 Blacksmith
06:23 Castle
06:57 Arcane Vault
07:11 Farm
07:11 Farm
07:12 Farm
07:12 Farm
07:13 Farm
08:42 Gryphon Aviary
08:44 Gryphon Aviary
09:15 Farm
09:16 Farm
09:16 Farm
09:18 Farm
09:18 Farm
09:20 Gryphon Aviary
10:41 Farm
10:41 Farm
14:33 Workshop
14:35 Workshop
14:38 Scout Tower
14:39 Scout Tower
14:39 Scout Tower
14:42 Scout Tower
14:43 Scout Tower
14:44 Scout Tower
14:45 Scout Tower
15:42 Guard Tower
16:58 Guard Tower
» items
| Scroll of Regeneration | 4 | |
| Lesser Clarity Potion | 2 | |
| Orb of Fire | 2 | |
| Boots of Speed | 2 | |
| Circlet of Nobility | 1 | |
| Scroll of Town Portal | 3 | |
| Potion of Healing | 2 | |
16 total
LEGEND (
green | 52 APM | 864 actions | 16:31)
4 Demon Hunter
2 Immolation
2 Evasion
» actions
| Assign group hotkey | 4 | |
| Build / train | 43 | |
| Enter build submenu | 20 | |
| Enter hero's abilities submenu | 4 | |
| Give item / drop item | 1 | |
| Remove unit from queue | 2 | |
| Right click | 429 | |
| Select / deselect | 212 | |
| Select group hotkey | 97 | |
| Use ability | 52 | |
864 total
» units
| Wisp | 14 | |
| Goblin Shredder | 1 | |
| Chimaera | 7 | |
22 total
» upgrades
| Strength of the Wild | 2 | |
| Reinforced Hides | 2 | |
| Nature's Blessing | 1 | |
| Well Spring | 1 | |
| Corrosive Breath | 1 | |
7 total
» buildings
| Moon Well | 7 | |
| Altar of Elders | 1 | |
| Tree of Ages | 1 | |
| Ancient of Wonders | 1 | |
| Hunter's Hall | 1 | |
| Tree of Life | 2 | |
| Tree of Eternity | 1 | |
| Ancient of Wind | 1 | |
| Chimaera Roost | 3 | |
| Ancient Protector | 4 | |
22 total
» build order
00:12 Moon Well
00:17 Altar of Elders
01:56 Tree of Ages
02:02 Moon Well
02:13 Moon Well
02:43 Ancient of Wonders
03:15 Hunter's Hall
03:43 Moon Well
04:21 Tree of Life
04:49 Tree of Eternity
05:34 Ancient of Wind
07:21 Chimaera Roost
07:24 Chimaera Roost
07:28 Chimaera Roost
08:19 Moon Well
08:22 Ancient Protector
08:31 Ancient Protector
11:45 Ancient Protector
12:32 Tree of Life
14:44 Moon Well
14:54 Moon Well
15:20 Ancient Protector
» items
| Potion of Healing | 2 | |
| Periapt of Vitality | 1 | |
| Boots of Speed | 1 | |
| Orb of Venom | 1 | |
5 total
iplaytwoplayer- (
pink | 94 APM | 3591 actions | 38:23)
9 Blademaster
3 Wind Walk
3 Critical Strike
1 Bladestorm
2 Mirror Image
2 Paladin
1 Holy Light
1 Divine Shield
2 Blood Mage
2 Flame Strike
» actions
| Assign group hotkey | 91 | |
| Basic commands | 46 | |
| Build / train | 111 | |
| ESC pressed | 8 | |
| Enter build submenu | 67 | |
| Enter hero's abilities submenu | 12 | |
| Give item / drop item | 5 | |
| Remove unit from queue | 1 | |
| Right click | 1356 | |
| Select / deselect | 476 | |
| Select group hotkey | 1124 | |
| Use ability | 294 | |
3591 total
» units
| Peon | 16 | |
| Grunt | 3 | |
| Wind Rider | 19 | |
| Goblin Shredder | 4 | |
| Gryphon Rider | 1 | |
| Wisp | 11 | |
| Troll Batrider | 3 | |
| Kodo Beast | 1 | |
58 total
» upgrades
| Berserker Strength | 1 | |
| Ranged Weapons | 3 | |
| Envenomed Spears | 1 | |
| Reinforced Defenses | 1 | |
| Armor | 2 | |
| Masonry | 1 | |
| Spiked Barricades | 1 | |
| War Drums Damage Increase | 1 | |
11 total
» buildings
| Orc Burrow | 6 | |
| Altar of Storms | 1 | |
| Barracks | 1 | |
| Voodoo Lounge | 2 | |
| Great Hall | 2 | |
| Stronghold | 2 | |
| War Mill | 4 | |
| Fortress | 3 | |
| Beastiary | 3 | |
| Watch Tower | 29 | |
| Ancient Protector | 7 | |
| Moon Well | 4 | |
64 total
» build order
00:06 Orc Burrow
00:12 Orc Burrow
00:51 Altar of Storms
01:05 Barracks
01:37 Voodoo Lounge
03:20 Orc Burrow
04:00 Great Hall
04:40 Stronghold
06:12 Great Hall
06:27 War Mill
07:11 Fortress
07:11 Fortress
07:15 Beastiary
07:17 Beastiary
07:23 War Mill
07:59 Orc Burrow
08:52 Watch Tower
09:13 Watch Tower
11:43 Watch Tower
12:18 Watch Tower
12:20 Watch Tower
12:32 Watch Tower
12:33 Watch Tower
12:37 Watch Tower
12:38 Watch Tower
13:52 Orc Burrow
13:53 Orc Burrow
13:57 Watch Tower
13:58 Watch Tower
14:38 Watch Tower
15:06 Beastiary
17:47 Watch Tower
17:48 Watch Tower
17:49 Watch Tower
17:50 Watch Tower
17:53 Watch Tower
17:58 Watch Tower
17:59 Watch Tower
18:00 Watch Tower
18:01 Watch Tower
18:03 Watch Tower
18:25 Ancient Protector
18:52 Ancient Protector
18:59 Ancient Protector
19:00 Ancient Protector
19:21 War Mill
19:25 Watch Tower
19:27 Watch Tower
19:32 Watch Tower
19:39 Watch Tower
19:45 Watch Tower
25:03 Ancient Protector
25:06 Ancient Protector
25:08 Ancient Protector
26:36 Voodoo Lounge
26:40 Watch Tower
26:41 Watch Tower
31:41 War Mill
33:11 Moon Well
33:12 Moon Well
33:13 Moon Well
33:14 Moon Well
» items
| Healing Salve | 4 | |
| Lesser Clarity Potion | 3 | |
| Orb of Lightning | 1 | |
| Staff of Sanctuary | 1 | |
| Scroll of Town Portal | 2 | |
| Periapt of Vitality | 1 | |
| Staff of Teleportation | 1 | |
13 total
Juggernaut11 (
yellow | 29 APM | 434 actions | 14:49)
3 Blademaster
2 Critical Strike
1 Mirror Image
» actions
| Basic commands | 1 | |
| Build / train | 41 | |
| Enter build submenu | 18 | |
| Enter hero's abilities submenu | 4 | |
| Remove unit from queue | 1 | |
| Right click | 172 | |
| Select / deselect | 162 | |
| Use ability | 35 | |
434 total
» units
| Peon | 12 | |
| Grunt | 3 | |
| Troll Headhunter/Berserker | 10 | |
25 total
» upgrades
| Armor | 2 | |
| Ranged Weapons | 2 | |
| Troll Regeneration | 1 | |
| Berserker Upgrade | 0 | |
5 total
» buildings
| Altar of Storms | 1 | |
| Barracks | 1 | |
| Orc Burrow | 6 | |
| Voodoo Lounge | 1 | |
| War Mill | 1 | |
| Stronghold | 3 | |
| Fortress | 1 | |
| Watch Tower | 2 | |
| Tauren Totem | 1 | |
17 total
» build order
00:11 Altar of Storms
00:26 Barracks
00:51 Orc Burrow
01:32 Voodoo Lounge
01:43 Orc Burrow
02:11 Orc Burrow
02:36 War Mill
04:04 Stronghold
04:04 Stronghold
04:05 Stronghold
05:25 Orc Burrow
06:32 Fortress
06:45 Orc Burrow
07:31 Watch Tower
07:57 Orc Burrow
08:42 Watch Tower
09:41 Tauren Totem
» items
| Healing Salve | 1 | |
| Orb of Lightning | 1 | |
2 total
Chat log
(00:52 / Allies) SadioMane: i fast expo
(09:51 / Allies) GrimmReaper: g
(10:21 / Allies) SadioMane: give wood
(11:37 / Allies) SadioMane: get aa
(12:15 / All) GrimmReaper: xd
(12:40 / Allies) MoneyShot: lol
(13:13 / Allies) GrimmReaper: shred
(13:34 / Allies) MoneyShot: had it queued to other trees but guess it didn't wanna follow orders
(13:45 / Allies) GrimmReaper: hes a goblin
(13:51 / Allies) GrimmReaper: rofl.
(14:48 / Allies) GrimmReaper: can u get him redß
(14:51 / Allies) GrimmReaper: ?
(14:54 / Allies) KamaCrazyWarBoy: yeah
(14:57 / Allies) GrimmReaper: good
(15:03 / Allies) GrimmReaper: ill help vs air
(15:19 / Allies) KamaCrazyWarBoy: this guy was some player...
(15:26 / Allies) GrimmReaper: y
(15:37 / Allies) KamaCrazyWarBoy: his base design
(15:44 / Allies) GrimmReaper: alternative lol
(16:05 / Allies) MoneyShot: back
(16:15 / Allies) GrimmReaper: ouh shit i tp
(16:54 / Allies) GrimmReaper: that was anal
(17:08 / Allies) KamaCrazyWarBoy: har
(17:09 / All) iplaytwoplayer-: LOL
(17:10 / Allies) KamaCrazyWarBoy: well done teal
(17:17 / Allies) MoneyShot: lumber plz
(17:20 / Allies) KamaCrazyWarBoy: you were worthy of an expo
(17:22 / All) iplaytwoplayer-: Orange talked big shit but the exact instant I tk him he leaves
(17:31 / Allies) GrimmReaper: hope so
(17:32 / All) iplaytwoplayer-: total pussy, just talk
(17:39 / All) GrimmReaper: ?
(17:49 / Allies) MoneyShot: lumbers please
(18:09 / Allies) GrimmReaper: hes on tanks now
(19:39 / Allies) GrimmReaper: he towers
(20:42 / All) GrimmReaper: so what was that about pussy?
(20:48 / All) iplaytwoplayer-: out
(21:24 / All) GrimmReaper: y better out
(21:29 / All) iplaytwoplayer-: you have my permission to leave
(21:30 / All) iplaytwoplayer-: ok?
(21:33 / All) iplaytwoplayer-: you can go
(21:34 / All) iplaytwoplayer-: you may leave
(21:37 / All) iplaytwoplayer-: ok?
(21:38 / All) KamaCrazyWarBoy: youre a real faggot dude
(22:14 / Allies) GrimmReaper: purp u afk?
(22:17 / All) iplaytwoplayer-: you may leave
(22:18 / All) iplaytwoplayer-: zzz
(22:45 / All) iplaytwoplayer-: ok? time to go
(23:03 / Allies) KamaCrazyWarBoy: next time please dont operate blue when im trying to
(23:11 / Allies) GrimmReaper: i didnt
(24:21 / All) iplaytwoplayer-: leave
(24:22 / All) iplaytwoplayer-: pussy
(24:27 / All) GrimmReaper: fag
(24:40 / Allies) KamaCrazyWarBoy: regroup?
(28:33 / Allies) GrimmReaper: wtf man
(28:46 / Allies) KamaCrazyWarBoy: purp...
(28:47 / All) iplaytwoplayer-: leave
(28:52 / All) GrimmReaper: ah i see
(29:07 / All) GrimmReaper: a spy
(29:17 / All) GrimmReaper: hehe
(29:20 / Allies) KamaCrazyWarBoy: seriously wtf man
(29:54 / All) GrimmReaper: too bad a tk list is useless on the us server
(30:03 / All) iplaytwoplayer-: what server do you play on
(30:08 / All) GrimmReaper: cause i only play US server when i wanna play with fags
(30:14 / All) iplaytwoplayer-: northrend player?
(30:21 / All) GrimmReaper: theres no better way then to go for USA
(30:25 / All) MoneyShot: You have transgressed against THE LAW
(30:30 / All) iplaytwoplayer-: what server you play on
(30:36 / All) MoneyShot: And now I lay down the fist of divine justice!
(30:39 / All) GrimmReaper: well not the eastcoast
(30:45 / All) iplaytwoplayer-: yes so what fucking server
(30:56 / All) iplaytwoplayer-: reading comprehension of a 2 yo here
(31:05 / All) GrimmReaper: lol
(31:10 / All) KamaCrazyWarBoy: har
(31:21 / All) GrimmReaper: eu
(31:22 / All) KamaCrazyWarBoy: well congrats
(31:27 / All) KamaCrazyWarBoy: have a good evening
(31:28 / All) iplaytwoplayer-: ty I earned this win
(31:31 / All) iplaytwoplayer-: don't
(33:44 / All) GrimmReaper: is it midnight already?
(34:06 / All) GrimmReaper: no?
(36:19 / All) MoneyShot: MA-MA IS NOT THE LAW
(36:21 / All) MoneyShot: I AM THE LAW!
(36:39 / All) GrimmReaper: cool
(37:21 / All) GrimmReaper: u US people even know what law is?
(37:28 / All) GrimmReaper: don think so
(37:58 / All) MoneyShot: ur team deserve lose
(38:18 / All) MoneyShot: yellow got shitted on
(38:21 / All) MoneyShot: he should get loss